 Dungeon Crawl Stone Soup version 0.28-a0-723-g095bd1b44f (webtiles) character file.

Game seed: 428431043704834520

250 ytrimaz the Grave Robber (level 5, -2/52 HPs)
             Began as a Demonspawn Necromancer on Oct 25, 2021.
             Slain by an ogre (6 damage)
             ... on level 5 of the Dungeon.
             The game lasted 00:06:44 (5009 turns).

ytrimaz the Grave Robber (Demonspawn Necromancer)   Turns: 5009, Time: 00:06:45

Health: -2/52      AC: 22    Str:  9    XL:     5   Next: 88%
Magic:  10/10      EV:  2    Int: 17    God:
Gold:   244        SH:  0    Dex: 13    Spells: 7/11 levels left

rFire   . . .      SeeInvis .   d - +0 dagger
rCold   . . .      Faith    .   (no shield)
rNeg    . . .      Spirit   .   (armour currently unavailable)
rPois   +          Reflect  .   (helmet currently unavailable)
rElec   .          Harm     .   (cloak currently unavailable)
rCorr   .          Rampage  .   (gloves currently unavailable)
Will    .....      NoTele   +   (boots currently unavailable)
Stlth   ++........              (no amulet)
HPRegen 0.17/turn               (no ring)
MPRegen 0.24/turn               (no ring)

@: tree-form
A: stationary, stasis, torment immunity, boosted hp, (large bone plates 1),
ignite blood 1, magic regeneration
a: no special abilities


You were on level 5 of the Dungeon.
You were a tree.
You visited 1 branch of the dungeon, and saw 5 of its levels.

You collected 244 gold pieces.

Inventory:

Hand Weapons
 d - a +0 dagger (weapon)
Missiles
 f - a throwing net
Armour
 a - a +0 robe (melded)
Scrolls
 b - 2 scrolls of noise
 e - 4 scrolls of identify
 j - a scroll of fog
Potions
 g - 2 potions of curing
 h - a potion of lignification
 i - a potion of heal wounds


   Skills:
 + Level 0.4 Short Blades
 - Level 1.7 Dodging
 - Level 1.7 Stealth
 + Level 3.6 Spellcasting
 * Level 6.9 Necromancy


You had 7 spell levels left.
You knew the following spells:

 Your Spells              Type           Power      Damage    Failure   Level
a - Pain                  Necr           100%       1d9       1%          1
b - Vampiric Draining     Necr           13%        2d7       3%          3

Your spell library contained the following spells:

 Spells                   Type           Power      Damage    Failure   Level
 Animate Skeleton         Necr           52%        N/A       1%          1
 Animate Dead             Necr           13%        N/A       10%         4
 Foxfire                  Conj/Fire      12%        2x1d4     17%         1
 Agony                    Necr           26%        N/A       26%         5
 Conjure Flame            Conj/Fire      3%         6-21      45%         3
 Inner Flame              Hex/Fire       3%         N/A       45%         3
 Ozocubu's Armour         Ice            3%         N/A       45%         3
 Cause Fear               Hex            1%         N/A       86%         4
 Flame Wave               Conj/Fire      3%         3d3       86%         4
 Metabolic Englaciation   Hex/Ice        1%         N/A       99%         5
 Simulacrum               Ice/Necr       7%         N/A       99%         6
 Discord                  Hex            1%         N/A       100%        8


Dungeon Overview and Level Annotations

Branches:
Dungeon (5/15)
 Temple: D:4-7

Altars:
Kikubaaqudgha
Trog
Wu Jian
Xom
Yredelemnul

Annotations:
D:5 Grinder


Innate Abilities, Weirdness & Mutations

You are a tree.
Your roots penetrate the ground, keeping you stationary.
You cannot be teleported.
You are immune to unholy pain and torment.
Your maximum health is greatly increased.
Your equipment is partially melded.
((You are partially covered in large bone plates. (SH +4)))
Your demonic aura sometimes causes spilled blood to erupt in flames.
You regenerate magic rapidly.


Message History

An ogre and a zombie come into view.
Found a scroll of noise.
The ogre shouts!
You hear an angry hiss.
You hear a shout!
An iguana comes into view.
Unknown command.
Really quaff the potion of lignification?
You turn into a tree.
Your +0 robe melds into your body.
Your roots penetrate the ground.
Unknown command.
You hit the ogre.
The ogre is lightly wounded.
The ogre hits you but does no damage.
You hit the ogre.
The ogre is lightly wounded.
A gnoll comes into view. It is wielding a +0 club.
The ogre hits you with a +0 giant spiked club!!
Grinder is lost in a daze.
You hit the ogre.
The ogre is lightly wounded.
Grinder says, "Wait up."
The ogre hits you with a +0 giant spiked club!
Unknown command.
You hit Grinder but do no damage.
Grinder is almost dead.
Grinder hits you but does no damage.
You barely miss Grinder.
Grinder is almost dead.
Grinder is no longer dazed.
The ogre hits you but does no damage. Grinder hits you but does no damage.
You completely miss Grinder.
Grinder is almost dead.
The ogre hits you with a +0 giant spiked club!
* * * LOW HITPOINT WARNING * * *
Grinder barely misses you.
Unknown command.
You hit Grinder but do no damage.
Grinder is almost dead.
Grinder blinks!
The ogre hits you with a +0 giant spiked club.
You die...

############
+...........
#5..♣§....#
#.###O###...
#..# l#
....#g#
.....#Z#
......#.#
..#..#.#.#
.......##.#
... ..##


You could see Grinder, an ogre, an iguana, a gnoll and a bullfrog zombie.

Vanquished Creatures
  A scorpion (D:4)
  An orc priest (D:4)
  3 gnolls (D:4)
  2 adders (D:4)
  An adder skeleton (D:4)
  2 worms
  7 orcs
  10 ball pythons
  2 bats
  10 endoplasms
  2 giant cockroaches
  6 goblins
  10 hobgoblins
  9 jackals
  7 quokkas
  5 frilled lizards
  8 kobolds
  3 rats (D:1)
89 creatures vanquished.

Vanquished Creatures (others)
  6 fungi (D:2)
  23 plants
  5 toadstools (D:2)
34 creatures vanquished.

Grand Total: 123 creatures vanquished

Notes
Turn   | Place    | Note
-------+----------+-------------------------------------------
     0 | D:1      | ytrimaz the Demonspawn Necromancer began the quest for the
                  | Orb.
     0 | D:1      | Reached XP level 1. HP: 13/13 MP: 3/3
     3 | D:1      | Noticed a demigod
     5 | D:1      | Noticed a troll
     7 | D:1      | Noticed a felid
     9 | D:1      | Noticed a dwarf
     9 | D:1      | Noticed a naga
    11 | D:1      | Noticed an ogre
    13 | D:1      | Noticed a vampire
    13 | D:1      | Noticed a ghoul
    15 | D:1      | Noticed a gargoyle
    15 | D:1      | Noticed a demonspawn
    17 | D:1      | Noticed a merfolk
    17 | D:1      | Noticed a human
    20 | D:1      | Noticed a minotaur
    20 | D:1      | Noticed a draconian
    22 | D:1      | Noticed a vine stalker
    22 | D:1      | Noticed an octopode
    24 | D:1      | Noticed an elf
    24 | D:1      | Noticed a tengu
    26 | D:1      | Noticed a spriggan
    29 | D:1      | Noticed a formicid
   425 | D:1      | Gained mutation: You are partially covered in large bone
                  | plates. (SH +4) [demonic ancestry]
   425 | D:1      | Reached XP level 2. HP: 17/19 MP: 1/5
   553 | D:1      | Reached skill level 5 in Necromancy
  1198 | D:1      | Gained mutation: You regenerate magic rapidly. [demonic
                  | ancestry]
  1198 | D:1      | Reached XP level 3. HP: 22/24 MP: 3/6
  1912 | D:2      | Found a faded altar of an unknown god.
  1945 | D:2      | Learned a level 3 spell: Vampiric Draining
  2513 | D:3      | Found an ornate altar of the Wu Jian Council.
  2611 | D:3      | Gained mutation: Your demonic aura sometimes causes spilled
                  | blood to erupt in flames. [demonic ancestry]
  2611 | D:3      | Reached XP level 4. HP: 26/30 MP: 3/7
  2898 | D:3      | Found a shimmering altar of Xom.
  2898 | D:3      | Found a basalt altar of Yredelemnul.
  2909 | D:3      | Found an ancient bone altar of Kikubaaqudgha.
  3512 | D:4      | Reached skill level 6 in Necromancy
  3802 | D:4      | Found a bloodstained altar of Trog.
  4018 | D:4      | Reached XP level 5. HP: 29/35 MP: 6/9
  4984 | D:4      | Noticed Grinder
  4987 | D:4      | Paralysed by Grinder for 6 turns
  4995 | D:5      | Entered Level 5 of the Dungeon
  5001 | D:5      | Noticed an ogre
  5009 | D:5      | Slain by an ogre

Illustrated notes

Levels and vault maps discovered:
D:1:      kb_arrival_jail, layout_loops_corners, minmay_misc_feat_room,
          serial_bayou_lake_a
D:2:      layout_basic, basic_ecumenical_altar, hangedman_decor_growths,
          chequers_avenue, minmay_gold_behind_fungi, serial_bayou_lagoon_a
D:3:      layout_loops_cross, nicolae_overflow_crystal_walls,
          mainiacjoe_overflow_24_doors, gammafunk_temple_overflow_elements,
          minmay_crystal_water
D:4:      layout_basic, mainiacjoe_overflow_concentric_impassable,
          kennysheep_mini, hangedman_decor_clover_reticule,
          minmay_quadrilaterals, uniq_grinder
D:5:      kennysheep_spiral_hall, layout_basic, minmay_manual_monstrance

Skill      XL: |  1  2  3  4 |
---------------+-------------+-----
Necromancy     | 5 6 |  6.9
Spellcasting   | 3 |  3.6
Short Blades   | |  0.4
Dodging        | |  1.7
Stealth        | |  1.7

Action                   |  1- 3 |  4- 6 || total
-------------------------+-------+-------++-------
Melee: Unarmed           |     5 |     2 ||     7
       Dagger            |       |    36 ||    36
 Cast: Pain              |    83 |    78 ||   161
       Vampiric Draining |       |     7 ||     7
  Use: Scroll            |     4 |     7 ||    11
       Potion            |       |     3 ||     3
Armor: Robe              |     3 |     3 ||     6
       Skin              |       |     4 ||     4
Dodge: Dodged            |     6 |    40 ||    46
Block: Other             |       |    15 ||    15

Table legend: (Time is in decaauts)
 A = Elapsed time spent in this place.
 B = Non-inter-level travel time spent in this place.
 C = Inter-level travel time spent in this place.
 D = Time resting spent in this place.
 E = Time spent auto-exploring this place.
 F = Levels seen in this place.
 G = Mean time per level.
                   A        B        C        D        E       F      G
               +--------+--------+--------+--------+--------+-----+--------+
         Total |   5074 |   4874 |    200 |    377 |   3747 |   5 | 1014.8 |
       Dungeon |   5074 |   4874 |    200 |    377 |   3747 |   5 | 1014.8 |
               +--------+--------+--------+--------+--------+-----+--------+

Top non-repeatable levels by time:
     D:4: 1609 daAuts
     D:1: 1543 daAuts
     D:3: 1104 daAuts
     D:2: 803 daAuts
     D:5: 13 daAuts
